 Dungeon Crawl Stone Soup version 0.29.1-15-g9cfb28693d (webtiles) character file.

Game seed: 17337552629218041131

15033 Gaplan the Severer (level 11, -6/102 HPs)
             Began as a Minotaur Berserker on Apr 12, 2023.
             Was a High Priest of Trog.
             Mangled by a ten-headed hydra (11 damage)
             ... on level 11 of the Dungeon.
             The game lasted 01:14:29 (15804 turns).

Gaplan the Severer (Minotaur Berserker)            Turns: 15804, Time: 01:14:29

Health: -6/102     AC: 17    Str: 25    XL:     11   Next: 96%
Magic:  10/10      EV:  7    Int:  4    God:    Trog [*****.]
Gold:   703        SH:  0    Dex: 13    Spells: 10/10 levels left

rFire   . . .      SeeInvis +   u - +0 battleaxe
rCold   + . .      Faith    .   (shield currently unavailable)
rNeg    . . .      Spirit   .   d - +0 plate armour
rPois   .          Reflect  .   (helmet restricted)
rElec   +          Harm     .   (no cloak)
rCorr   .          Rampage  .   K - +0 pair of gloves
Will    ++...                   A - +0 pair of boots
Stlth   ..........              (no amulet)
HPRegen 0.27/turn               h - +4 ring of protection
MPRegen 0.12/turn               a - ring of Puebyen {rElec rC+ Will++ Dex+2 SInv}

@: about to teleport
A: horns 2, retaliatory headbutt
a: Renounce Religion, Berserk, Trog's Hand, Brothers in Arms


You were on level 11 of the Dungeon.
You worshipped Trog.
Trog was extremely pleased with you.
You visited 2 branches of the dungeon, and saw 12 of its levels.

You collected 703 gold pieces.

Inventory:

Hand Weapons
 r - a +1 war axe
 u - a +0 battleaxe (weapon)
Missiles
 j - 2 throwing nets (quivered)
Armour
 d - a +0 plate armour (worn)
 i - a +1 scale mail
 v - +0 acid dragon scales
 A - a +0 pair of boots (worn)
 K - a +0 pair of gloves (worn)
Jewellery
 a - the ring of Puebyen (right hand) {rElec rC+ Will++ Dex+2 SInv}
   (You acquired it on level 5 of the Dungeon)

   [ring of see invisible]

   Dex:       It affects your dexterity (+2).
   rC:        It protects you from cold.
   rElec:     It insulates you from electricity.
   SInv:      It lets you see invisible.
   Will:      It greatly increases your willpower.
 h - a +4 ring of protection (left hand)
 s - a +6 ring of intelligence
 x - a +4 ring of evasion
 y - an amulet of magic regeneration
 D - a ring of fire
 E - an amulet of the acrobat
 H - a ring of fire
 L - a ring of willpower
Wands
 f - a wand of roots (3)
 B - a wand of acid (12)
Scrolls
 g - 3 scrolls of vulnerability
 l - 5 scrolls of identify
 p - 3 scrolls of butterflies
 q - 2 scrolls of teleportation
 w - 4 scrolls of magic mapping
 z - a scroll of enchant armour
 C - 3 scrolls of enchant weapon
 J - a scroll of noise {unknown}
Potions
 b - 3 potions of attraction
 c - 5 potions of degeneration
 e - a potion of invisibility {unknown}
 k - a potion of resistance {unknown}
 m - 3 potions of might
 n - 3 potions of curing
 o - a potion of haste {unknown}
 F - a potion of flight {unknown}
 G - a potion of berserk rage {unknown}
Miscellaneous
 I - a tin of tremorstones (1/2)


   Skills:
 + Level 11.3 Fighting
 - Level 20.1 Axes
 - Level 2.5 Armour
 - Level 2.3 Dodging
 - Level 0.1 Stealth


You had 10 spell levels left.
You didn't know any spells.
Your spell library was empty.

Dungeon Overview and Level Annotations

Branches:
Dungeon (11/15)            Temple (0/1) D:6            Lair (1/5) D:9
    Orc: D:9-12

Altars:
Cheibriados
Elyvilon
Fedhas
Kikubaaqudgha
Makhleb
Nemelex Xobeh
Okawaru
Qazlal
Ru
Sif Muna
Uskayaw
Vehumet
Wu Jian
Xom
Zin

Portals:
Trove: D:11 (give +5 fire dragon scales)


Innate Abilities, Weirdness & Mutations

You have a pair of horns on your head.
You reflexively headbutt those who attack you in melee.


Message History

The nine-headed hydra is severely wounded.
Unknown command.
You barely miss the nine-headed hydra. You headbutt the nine-headed hydra!
The nine-headed hydra is almost dead.
The nine-headed hydra closely misses you.
The nine-headed hydra bites you but does no damage. x2
The nine-headed hydra bites you!
* * * LOW HITPOINT WARNING * * *
The nine-headed hydra bites you!
* * * LOW HITPOINT WARNING * * *
The nine-headed hydra barely misses you.
The nine-headed hydra bites you but does no damage.
The nine-headed hydra bites you.
* * * LOW HITPOINT WARNING * * *
The nine-headed hydra bites you but does no damage.
You slice one of the nine-headed hydra's heads off!
The eight-headed hydra grows two more!
You slash the ten-headed hydra!
The ten-headed hydra is almost dead.
The ten-headed hydra barely misses you. x3
The ten-headed hydra bites you but does no damage. x3
The ten-headed hydra closely misses you.
The ten-headed hydra bites you.
* * * LOW HITPOINT WARNING * * *
The ten-headed hydra bites you.
* * * LOW HITPOINT WARNING * * *
The ten-headed hydra bites you!
* * * LOW HITPOINT WARNING * * *
Okay, then.
You feel better. The ten-headed hydra bites you.
* * * LOW HITPOINT WARNING * * *
The ten-headed hydra misses you. The ten-headed hydra bites you.
* * * LOW HITPOINT WARNING * * *
The ten-headed hydra barely misses you.
The ten-headed hydra bites you but does no damage. x4
The ten-headed hydra barely misses you. The ten-headed hydra bites you.
* * * LOW HITPOINT WARNING * * *
Okay, then.
As you read the scroll of teleportation, it crumbles to dust.
You feel strangely unstable. The ten-headed hydra bites you!
You die...

<.##.####...###.#########
####....................#
.....####...##...######.#
####.#####.###}..##
.........>.##.....##
...................#
.###.#. ####......## .#
.#. #.#.D.## .. ..
#....@.# ..# #. #.#....#
..# #.#####.#....#####
..# #.................
..# ####.####....#####
..# ##.##.........#
##...###....##.#
..∩......#.# #
.#...####.#.#


You could see a ten-headed hydra.

Vanquished Creatures
  Josephine (D:10)
  2 two-headed ogres (D:10)
  A boulder beetle (D:11)
  An ugly thing (D:10)
  A black mamba (Lair:1)
  3 elephants
  2 cane toads (Lair:1)
  5 gargoyles (D:7)
  A komodo dragon (Lair:1)
  2 kobold demonologists (D:10)
  A troll (D:11)
  A polar bear (Lair:1)
  A blink frog (Lair:1)
  4 wraiths
  3 yaks (D:9)
  A wyvern (D:9)
  A fire elemental (D:9)
  5 vampire mosquitoes
  5 acid dragons
  2 wargs (D:9)
  A water moccasin (D:9)
  5 orc warriors
  An ice beast (D:7)
  3 ogres
  3 wolves (Lair:1)
  3 phantoms
  2 kobold brigands (D:10)
  Blork the orc (D:5)
  5 bullfrogs
  3 necrophages
  7 scorpions
  3 wights (D:10)
  3 killer bees (D:8)
  A howler monkey (D:5)
  5 jellies
  3 hounds
  A gnoll bouda (D:8)
  7 orc priests
  An iguana (D:7)
  12 orc wizards
  7 gnolls
  10 adders
  A river rat (D:4)
  A shadow imp (D:6)
  An ufetubus (D:5)
  2 worms
  5 dart slugs
  26 orcs
  7 ball pythons
  8 endoplasms
  4 giant cockroaches
  6 goblins
  10 hobgoblins
  2 jackals (D:1)
  5 quokkas
  5 bats
  3 frilled lizards
  20 kobolds
  15 rats
  2 butterflies (Lair:1)
253 creatures vanquished.

Vanquished Creatures (collateral kills)
  A two-headed ogre (D:9)
  Joseph (D:7)
  2 orc priests (D:7)
  2 orcs (D:7)
6 creatures vanquished.

Vanquished Creatures (others)
  2 fungi (Lair:1)
  5 plants
7 creatures vanquished.

Grand Total: 266 creatures vanquished

Notes
Turn   | Place    | Note
-------+----------+-------------------------------------------
     0 | D:1      | Gaplan the Minotaur Berserker began the quest for the Orb.
     0 | D:1      | Reached XP level 1. HP: 19/19 MP: 0/0
   135 | D:1      | Reached XP level 2. HP: 21/27 MP: 1/1
   241 | D:1      | Reached skill level 4 in Axes
   633 | D:1      | Reached ** piety under Trog
   671 | D:1      | Reached XP level 3. HP: 28/33 MP: 2/2
  1007 | D:2      | Reached skill level 5 in Axes
  1143 | D:2      | Reached XP level 4. HP: 40/40 MP: 3/3
  1356 | D:2      | Identified the +4 short sword of Incongruity {speed, Fly
                  | rC+ Str+2}
  1614 | D:3      | Reached skill level 6 in Axes
  1965 | D:3      | Found a faded altar of an unknown god.
  2645 | D:3      | Reached XP level 5. HP: 41/46 MP: 4/4
  2649 | D:3      | Reached *** piety under Trog
  2695 | D:4      | Reached skill level 7 in Axes
  2721 | D:4      | Reached XP level 6. HP: 51/52 MP: 5/5
  2838 | D:4      | Reached skill level 8 in Axes
  3336 | D:4      | Found a glowing silver altar of Zin.
  3439 | D:5      | Entered Level 5 of the Dungeon
  3519 | D:5      | Reached skill level 9 in Axes
  3540 | D:5      | Reached XP level 7. HP: 58/59 MP: 6/6
  3569 | D:5      | Identified a scroll of acquirement
  3569 | D:5      | Acquired the ring of Puebyen {rElec rC+ Will++ Dex+2 SInv}
  3592 | D:5      | Reached skill level 10 in Axes
  3768 | D:5      | Found a sacrificial altar of Ru.
  3768 | D:5      | Found an iron altar of Okawaru.
  3770 | D:5      | Found an ornate altar of the Wu Jian Council.
  3895 | D:5      | Noticed Blork the orc
  3924 | D:5      | Killed Blork the orc
  3925 | D:5      | Reached skill level 11 in Axes
  4220 | D:5      | Found a snail-covered altar of Cheibriados.
  4410 | D:6      | Found a staircase to the Ecumenical Temple.
  4417 | D:6      | Reached XP level 8. HP: 66/66 MP: 7/7
  4498 | D:6      | Reached skill level 12 in Axes
  4697 | D:6      | Reached **** piety under Trog
  4856 | D:6      | Reached skill level 13 in Axes
  5308 | D:7      | Noticed Joseph
  5981 | D:7      | Killed Joseph
  5982 | D:7      | Reached skill level 14 in Axes
  5982 | D:7      | Reached XP level 9. HP: 71/71 MP: 8/8
  6224 | D:7      | Noticed a gargoyle
  6226 | D:7      | Killed a gargoyle
  6249 | D:7      | Noticed a gargoyle
  6258 | D:7      | Killed a gargoyle
  6259 | D:7      | Reached skill level 15 in Axes
  6391 | D:7      | Noticed a gargoyle
  6837 | D:7      | Killed a gargoyle
  6998 | D:7      | Identified the +5 mace of the Bedazzling Gods {freeze,
                  | *Noise rPois MP+9 Dex+6}
  7061 | D:7      | Found a sparkling altar of Nemelex Xobeh.
  7117 | D:7      | Noticed a gargoyle
  7123 | D:7      | Killed a gargoyle
  7124 | D:7      | Reached skill level 16 in Axes
  7188 | D:7      | Noticed a gargoyle
  7193 | D:7      | Killed a gargoyle
  7358 | D:7      | Found a burning altar of Makhleb.
  7421 | D:7      | Reached XP level 10. HP: 78/78 MP: 9/9
  7521 | D:8      | Reached skill level 17 in Axes
  8032 | D:8      | Found a radiant altar of Vehumet.
  8280 | D:8      | Found a shimmering altar of Xom.
  8280 | D:8      | Found a shimmering altar of Xom.
  8280 | D:8      | Found a shimmering altar of Xom.
  8280 | D:8      | Found a shimmering altar of Xom.
  8280 | D:8      | Found a shimmering altar of Xom.
  8280 | D:8      | Found a shimmering altar of Xom.
  8281 | D:8      | Found a shimmering altar of Xom.
  8380 | D:8      | Found a blossoming altar of Fedhas.
  8383 | D:8      | Found an ancient bone altar of Kikubaaqudgha.
  8608 | D:8      | Noticed a shining eye
  9116 | D:9      | Noticed a two-headed ogre
  9123 | D:9      | Killed a two-headed ogre
  9124 | D:9      | Reached skill level 18 in Axes
  9131 | D:9      | Found a staircase to the Lair.
  9980 | D:10     | Entered Level 10 of the Dungeon
  9980 | D:10     | Found a hide-covered altar of Uskayaw.
 10028 | Lair:1   | Entered Level 1 of the Lair of Beasts
 10028 | Lair:1   | Noticed a cane toad
 10042 | Lair:1   | Killed a cane toad
 10043 | Lair:1   | Reached skill level 19 in Axes
 10256 | Lair:1   | Noticed a black mamba
 10262 | Lair:1   | Killed a black mamba
 10283 | D:9      | Reached ***** piety under Trog
 10661 | Lair:1   | Reached XP level 11. HP: 81/84 MP: 10/10
 11193 | D:9      | HP: 4/84 [fire elemental (14)]
 11518 | D:9      | Reached skill level 20 in Axes
 12932 | D:10     | Reached skill level 5 in Fighting
 12959 | D:10     | Noticed a two-headed ogre
 12967 | D:10     | Killed a two-headed ogre
 13691 | D:10     | Noticed a soul eater
 13883 | D:10     | Found a shimmering blue altar of Sif Muna.
 14018 | D:10     | Found a stormy altar of Qazlal.
 14127 | D:10     | Found a white marble altar of Elyvilon.
 14146 | D:11     | Noticed a two-headed ogre
 14174 | D:10     | Killed a two-headed ogre
 14335 | D:11     | Found a portal to a secret trove of treasure.
 14372 | D:11     | Noticed Josephine
 14476 | D:11     | Noticed a red ugly thing
 14494 | D:11     | Noticed a five-headed hydra
 14955 | D:10     | Killed a red ugly thing
 14956 | D:10     | Reached skill level 10 in Fighting
 15027 | D:10     | Killed Josephine
 15311 | D:11     | Noticed a boulder beetle
 15321 | D:11     | Killed a boulder beetle
 15389 | D:11     | Noticed an eight-headed hydra
 15427 | D:11     | HP: 3/102 [12-headed hydra (5)]
 15803 | D:11     | HP: 5/102 [ten-headed hydra (4)]
 15804 | D:11     | Mangled by a ten-headed hydra

Illustrated notes

Levels and vault maps discovered:
D:1:      onia_arrival_handbag, layout_basic
D:2:      wad_pebble_path, layout_basic, minmay_small_reverse_x
D:3:      layout_basic, basic_ecumenical_altar
D:4:      layout_gridville, zin_treasury, portal_sewer_entry_a
D:5:      layout_basic, mainiacjoe_overflow_tiny_flanked,
          chequers_temple_overflow_statue_of_worship, uniq_blork_the_orc
D:6:      layout_loops_ring, temple_fountains
D:7:      cheibrodos_statue_roulette, layout_basic, bloody_makhleb,
          nemelex_spade_bored_becter, uniq_joseph
D:8:      layout_layer_cave, grunt_temple_overflow_growth_and_decay,
          xom_shifter_show, mainiacjoe_overflow_surrounded_room,
          reono_crystal_passage
D:9:      layout_gridville, erik_lair_orcish_takeover, grunt_decor_fettered
D:10:     layout_rooms, lemuel_round_altar, nicolae_overflow_hidden_temple,
          eat_drink_and_be_merry_uskayaw, kennysheep_little_box,
          hangedman_abyss_or_decor_jellyfish_corner
D:11:     layout_loops_ring, nicolae_trove_entry_crossroad, serial_shops, shop,
          uniq_josephine
Lair:1:   layout_gridlike, st_stairs_3, lemuel_fruit_fields,
          infiniplex_staircase_pool_2

Skill      XL: |  1  2  3  4  5  6  7  8  9 10 11 |
---------------+----------------------------------+-----
Fighting       | 4 11 | 11.3
Axes           | 4 5 6 7 9 11 14 16 19 20 | 20.1
Armour         | |  2.5
Dodging        | |  2.3
Stealth        | |  0.1

Action                   |  1- 3 |  4- 6 |  7- 9 | 10-12 || total
-------------------------+-------+-------+-------+-------++-------
Melee: Hand axe          |    90 |   146 |    11 |       ||   247
       Headbutt          |    10 |    26 |    35 |   104 ||   175
       Punch             |       |     1 |     1 |       ||     2
       War axe           |       |       |    83 |       ||    83
       Battleaxe         |       |       |    62 |   385 ||   447
Invok: Berserk           |     1 |     1 |     2 |     1 ||     5
       Brothers in Arms  |       |       |       |     1 ||     1
Evoke: Tin of tremorston |       |       |       |     1 ||     1
  Use: Scroll            |       |     8 |     9 |    14 ||    31
       Potion            |       |       |     2 |     6 ||     8
Armor: Animal skin       |    12 |       |       |       ||    12
       Scale mail        |     6 |    77 |    55 |    88 ||   226
       Plate armour      |       |       |       |   198 ||   198
Dodge: Dodged            |    47 |    60 |    61 |   190 ||   358
